 Dungeon Crawl Stone Soup version 0.25.0-1-g7eea58d (webtiles) character file.

Game seed: 2486234301977352152

550 Jonnyslop the Vexing (level 7, -3/32 HPs)
             Began as a Spriggan Enchanter on June 25, 2020.
             Slain by Grinder (6 damage)
             ... on level 4 of the Dungeon on June 29, 2020.
             The game lasted 00:26:41 (6332 turns).

Jonnyslop the Vexing (Spriggan Enchanter)           Turns: 6332, Time: 00:26:42

Health: -3/32      AC:  2    Str:  4    XL:     7   Next: 7%
Magic:  6/16       EV: 18    Int: 19    God:
Gold:   193        SH:  0    Dex: 16    Spells: 8/17 levels left

rFire    . . .     SeeInvis +   j - +1 dagger (drain)
rCold    + . .     Gourm    .   (shield restricted)
rNeg     . . .     Faith    .   h - +0 robe (curse)
rPois    .         Spirit   .   (helmet restricted)
rElec    .         Reflect  .   (no cloak)
rCorr    .         Harm     .   (gloves unavailable)
MR       +....                  (boots unavailable)
Stlth    +++.......             (no amulet)
HPRegen  0.10/turn              c - ring of protection from cold
MPRegen  0.15/turn              (no ring)

@: very quick
A: very small, unfitting armour, see invisible, herbivore, speed 3, slow
metabolism 2
a: no special abilities


You were on level 4 of the Dungeon.
You were hungry.

You visited 1 branch of the dungeon, and saw 4 of its levels.

You collected 193 gold pieces.

Inventory:

Hand Weapons
 j - a +1 dagger of draining (weapon)
Armour
 b - a +0 robe
 h - a cursed +0 robe (worn)
Jewellery
 c - a ring of protection from cold (left hand)
Wands
 l - a wand of acid (9)
 o - a wand of flame (20)
Scrolls
 g - 6 scrolls of remove curse
Potions
 a - a potion of flight {unknown}
 e - a potion of invisibility {unknown}
 f - a potion of brilliance {unknown}
 i - a potion of stabbing {unknown}
 k - a potion of haste {unknown}
 m - a potion of curing {unknown}
 n - 3 potions of heal wounds
 q - a potion of cancellation {unknown}
 r - a potion of degeneration {unknown}
Comestibles
 d - 6 rations


   Skills:
 + Level 4.1 Short Blades
 - Level 3.0 Dodging
 + Level 4.5 Stealth
 + Level 5.7 Spellcasting
 + Level 6.0 Hexes
 - Level 2.0 Ice Magic


You had 8 spell levels left.
You knew the following spells:

 Your Spells              Type           Power        Failure   Level  Hunger
a - Ensorcelled Hibernat  Hex/Ice        ###...       3%          2    None
b - Corona                Hex            ####...      1%          1    None
c - Confusing Touch       Hex            ####....     3%          3    ##.....
d - Tukima's Dance        Hex            ####....     3%          3    ##.....

Your spell library contained the following spells:

 Spells                   Type           Power        Failure   Level  Hunger
 Dazzling Flash           Conj/Hex       ###...       10%         3    ##.....


Dungeon Overview and Level Annotations

Branches:
Dungeon (4/15)
 Temple: D:4-7

Altars:
Gozag
Trog
Zin

Annotations:
D:3 1 runed translucent door, Tenaya's ghost, amateur HOWr
D:4 1 runed translucent door, Crazy Yiuf; Grinder


Innate Abilities, Weirdness & Mutations

You are very small and have problems with some larger weapons.
You are too small for most types of armour.
You have supernaturally acute eyesight. (SInv)
You are a herbivore.
You cover ground extremely quickly.
You need to consume almost no food.


Message History

The jackal skeleton closely misses you.
You hit Grinder.
Grinder is lightly wounded.
The jackal skeleton barely misses you. Grinder hits you!
* * * LOW HITPOINT WARNING * * *
You writhe in agony.
* * * LOW HITPOINT WARNING * * *
You barely miss Grinder.
Grinder is lightly wounded.
The jackal skeleton barely misses you.
Things that are here:
a +0 short sword; an orc corpse
There are monsters nearby!
You hit Grinder but do no damage.
Grinder is lightly wounded.
The jackal skeleton misses you.
You hit Grinder but do no damage.
Grinder is lightly wounded.
Grinder hits you.
You die...

#.#####..# #
#..#..#
#..#..#
########..#..#
).........#..#
#########.#..#
#.#..#
.#####.#..#
........Z@5#
..........##
#.#########


You could see Grinder (confused) and a jackal skeleton.

Vanquished Creatures
  An orc warrior (D:3)
  An ogre (D:3)
  A bullfrog skeleton (D:4)
  An orc priest (D:3)
  4 orc wizards (D:4)
  Ijyb (D:4)
  Robin (D:3)
  4 adders
  An ooze (D:1)
  4 worms
  2 dart slugs
  3 leopard geckos
  17 orcs
  3 giant cockroaches (D:3)
  18 goblins
  17 hobgoblins
  6 kobolds
  6 bats
  6 frilled lizards
  10 rats
107 creatures vanquished.

Notes
Turn   | Place    | Note
-------+----------+-------------------------------------------
     0 | D:1      | Jonnyslop the Spriggan Enchanter began the quest for the
                  | Orb.
     0 | D:1      | Reached XP level 1. HP: 9/9 MP: 5/5
   143 | D:1      | Reached XP level 2. HP: 13/13 MP: 7/7
   147 | D:1      | Learned a level 2 spell: Ensorcelled Hibernation
   943 | D:1      | Reached skill level 4 in Hexes
  1027 | D:1      | Reached XP level 3. HP: 16/16 MP: 5/9
  1861 | D:2      | Found Zin's Purification Station.
  1863 | D:2      | Found a glowing silver altar of Zin.
  1957 | D:2      | Found an opulent altar of Gozag.
  2252 | D:2      | Reached XP level 4. HP: 16/21 MP: 3/11
  2596 | D:3      | Reached skill level 1 in Ice Magic
  2863 | D:3      | Noticed an orc warrior
  3280 | D:3      | Noticed an ogre
  3401 | D:3      | Killed an ogre
  3401 | D:3      | Reached XP level 5. HP: 24/24 MP: 12/12
  3406 | D:3      | Learned a level 3 spell: Confusing Touch
  3410 | D:3      | Learned a level 3 spell: Tukima's Dance
  3994 | D:3      | Reached skill level 5 in Hexes
  4002 | D:3      | Killed an orc warrior
  4002 | D:3      | Reached skill level 5 in Spellcasting
  4002 | D:3      | Reached XP level 6. HP: 28/28 MP: 8/14
  4117 | D:3      | Found a bloodstained altar of Trog.
  4245 | D:3      | Found a runed translucent door.
  4250 | D:3      | Noticed Tenaya's ghost (amateur HOWr)
  4274 | D:3      | Noticed Robin
  4328 | D:3      | Killed Robin
  6011 | D:4      | Reached XP level 7. HP: 22/32 MP: 6/16
  6193 | D:4      | Found a runed translucent door.
  6196 | D:4      | Noticed Crazy Yiuf
  6227 | D:4      | Noticed Ijyb
  6233 | D:4      | Killed Ijyb
  6233 | D:4      | Reached skill level 6 in Hexes
  6280 | D:4      | Noticed Grinder
  6332 | D:4      | Slain by Grinder

Illustrated notes

Levels and vault maps discovered:
D:1:      minmay_arrival_open_corners, layout_basic, serial_curves,
          eino_curves_03, eino_curves_02, hex_large, chequers_decorated_corner
D:2:      layout_loops_cross, zin_purify, nicolae_overflow_crystal_walls,
          first_ration, small_statue_intersection
D:3:      layout_basic, lightli_temple_of_fire, ebering_ghost_sewer_d,
          gup_sewer_entry_spiral, palyth_stone_intersect, minmay_goblin_outpost,
          uniq_robin
D:4:      layout_loops_ring, chequers_serial_rivers_room_a, uniq_ijyb,
          uniq_crazy_yiuf_cottage, uniq_edmund, uniq_grinder

Skill      XL: |  1  2  3  4  5  6  7 |
---------------+----------------------+-----
Spellcasting   | 3 4 5 |  5.7
Hexes          | 4 5 6 |  6.0
Short Blades   | 2 3 4 |  4.1
Ice Magic      | 1 2 |  2.0
Dodging        | |  3.0
Stealth        | |  4.5

Action                   |  1- 3 |  4- 6 |  7- 9 || total
-------------------------+-------+-------+-------++-------
Melee: Dagger            |    64 |    98 |    16 ||   178
 Cast: Ensorcelled Hiber |    42 |    81 |     6 ||   129
       Confusing Touch   |       |     1 |     2 ||     3
  Use: Scroll            |     3 |     1 |     3 ||     7
 Stab: Sleeping          |    30 |    53 |     6 ||    89
  Eat: Ration            |       |     3 |       ||     3
Armor: Robe              |     6 |    10 |       ||    16
Dodge: Dodged            |    47 |    65 |    11 ||   123
